 Dungeon Crawl Stone Soup version 0.28.0 (webtiles) character file.

Game seed: 14052836306755529802

368 PieDemon the Chopper (level 6, 0/57 HPs)
             Began as a Minotaur Berserker on Feb 13, 2022.
             Was a Believer of Trog.
             Succumbed to a killer bee's poison
             ... on level 4 of the Dungeon.
             The game lasted 00:02:26 (2135 turns).

PieDemon the Chopper (Minotaur Berserker)           Turns: 2135, Time: 00:02:27

Health: 0/57       AC:  5    Str: 23    XL:     6   Next: 41%
Magic:  5/5        EV: 11    Int:  4    God:    Trog [**....]
Gold:   102        SH:  0    Dex: 10    Spells: 5/5 levels left

rFire   . . .      SeeInvis .   a - +0 hand axe
rCold   . . .      Faith    .   (no shield)
rNeg    . . .      Spirit   .   g - +0 ring mail
rPois   .          Reflect  .   (helmet restricted)
rElec   .          Harm     .   (no cloak)
rCorr   .          Rampage  .   (no gloves)
Will    .....                   (no boots)
Stlth   ..........              (no amulet)
HPRegen 0.19/turn               (no ring)
MPRegen 0.09/turn               (no ring)

@: mighty, lethally poisoned (0 -> -12), on berserk cooldown
A: horns 2, retaliatory headbutt
a: Renounce Religion, Berserk, Trog's Hand


You were on level 4 of the Dungeon.
You worshipped Trog.
Trog was pleased with you.
You visited 1 branch of the dungeon, and saw 4 of its levels.

You collected 102 gold pieces.

Inventory:

Hand Weapons
 a - a +0 hand axe (weapon)
Armour
 b - a +0 animal skin
 g - a +0 ring mail (worn)
Scrolls
 c - a scroll of noise {unknown}
 d - a scroll of vulnerability {unknown}
 i - a scroll of teleportation {unknown}
 j - a scroll of identify {unknown}
 k - a scroll of holy word {unknown}
 l - a scroll of enchant armour {unknown}
Potions
 m - a potion of lignification {unknown}


   Skills:
 + Level 5.8 Fighting
 * Level 7.4 Axes
 - Level 2.4 Armour
 - Level 2.1 Dodging


You had 5 spell levels left.
You didn't know any spells.
Your spell library was empty.

Dungeon Overview and Level Annotations

Branches:
Dungeon (4/15)
 Temple: D:4-7

Altars:


Innate Abilities, Weirdness & Mutations

You have a pair of horns on your head.
You reflexively headbutt those who attack you in melee.


Message History

You slash the killer bee!
You kill the killer bee!
Trog accepts your kill.
You slash the killer bee!
You feel very sick. The killer bee stings you.
You are more poisoned.
The killer bee poisons you! The killer bee barely misses you.
You miss the killer bee. Your headbutt misses the killer bee.
The killer bee is severely wounded.
You feel very sick. The killer bee stings you.
You are lethally poisoned!
The killer bee poisons you!
You slash the killer bee!
You kill the killer bee!
Trog accepts your kill.
You feel very sick.
* * * LOW HITPOINT WARNING * * *
You feel very sick.
You are too berserk!
You feel a strong urge to attack something.
You are no longer berserk.
You are exhausted.
You feel yourself slow down.
* * * LOW HITPOINT WARNING * * *
You feel very sick.
It was a potion of haste.
You feel yourself speed up.
* * * LOW HITPOINT WARNING * * *
You feel extremely sick.
It was a potion of cancellation.
Your magical effects are unravelling.
You feel magically purged.
You feel yourself speed up.
You feel yourself slow down.
* * * LOW HITPOINT WARNING * * *
You feel very sick. The hobgoblin closely misses you.
It was a potion of might.
You feel very mighty all of a sudden.
You die...

.##....# ......##...
#.. .##..#.# ......
.... ..#
....##.###J.... ... ...
.........#..#.#.#)..
...
....#..#........##.##.#
... #.##.†###...
.....##.# ..
...#....#######.†......
. ...........#.#......#
#..<....###.†...@g....#
.......#
#...##..........
.......
#............... ....#
#................ #..#
#................
##...............
#.##.........$.. ##
##.....#.##.


You could see a hobgoblin.

Vanquished Creatures
  4 killer bees (D:4)
  A centaur skeleton (D:4)
  An iguana (D:4)
  A hound zombie (D:3)
  7 adders
  A worm (D:2)
  A dart slug (D:4)
  4 ball pythons
  10 bats
  5 endoplasms
  4 giant cockroaches
  8 hobgoblins
  3 kobolds
  2 quokkas
  5 frilled lizards
  7 goblins
  A rat (D:1)
65 creatures vanquished.

Notes
Turn   | Place    | Note
-------+----------+-------------------------------------------
     0 | D:1      | PieDemon the Minotaur Berserker began the quest for the
                  | Orb.
     0 | D:1      | Reached XP level 1. HP: 19/19 MP: 0/0
    92 | D:1      | Reached skill level 4 in Axes
   138 | D:1      | Reached XP level 2. HP: 26/27 MP: 1/1
   449 | D:1      | Reached ** piety under Trog
   463 | D:1      | Found a faded altar of an unknown god.
   553 | D:1      | Reached XP level 3. HP: 30/33 MP: 2/2
   859 | D:2      | Reached skill level 5 in Axes
  1031 | D:2      | Reached XP level 4. HP: 41/41 MP: 3/3
  1699 | D:3      | Reached skill level 6 in Axes
  1908 | D:4      | Reached skill level 5 in Fighting
  1908 | D:4      | Reached XP level 5. HP: 28/48 MP: 4/4
  2125 | D:4      | Reached skill level 7 in Axes
  2125 | D:4      | Reached XP level 6. HP: 56/56 MP: 5/5
  2135 | D:4      | Succumbed to a killer bee's poison

Illustrated notes

Levels and vault maps discovered:
D:1:      ncdulo_lavacross, layout_rooms, ebering_ecumenical_altar_rust,
          serial_aquarium, aquarium_bridge_square [aquarium_subvault_bridge,
          aquarium_subvault_bridge, aquarium_subvault_wall,
          aquarium_subvault_balcony], aquarium_window_1, aquarium_window_1,
          aquarium_window_1, aquarium_view_2a
D:2:      layout_basic
D:3:      layout_rooms, serial_undead, serial_undead_a, serial_undead_e,
          serial_undead_f, serial_undead_c
D:4:      layout_cave_pools, lemuel_tele_altar, minmay_temple_entry_fiery,
          hangedman_decor_clover_reticule, hangedman_abyss_or_decor_stagger,
          minmay_strange_pillars

Skill      XL: |  1  2  3  4  5 |
---------------+----------------+-----
Axes           | 4 5 6 7 |  7.4
Fighting       | 4 5 |  5.8
Armour         | |  2.4
Dodging        | |  2.1

Action                   |  1- 3 |  4- 6 || total
-------------------------+-------+-------++-------
Melee: Hand axe          |    63 |    59 ||   122
       Headbutt          |     8 |    10 ||    18
Invok: Berserk           |     2 |     2 ||     4
  Use: Potion            |       |     3 ||     3
 Stab: Sleeping          |     1 |       ||     1
Armor: Animal skin       |     8 |       ||     8
       Ring mail         |     6 |    23 ||    29
Dodge: Dodged            |    42 |    32 ||    74
